 Dungeon Crawl Stone Soup version 0.31-a0-232-gb1c03b2570 (webtiles) character file.

Game seed: 13580844913818663921

112 qw the Shooter (level 4, -1/36 HPs)
             Began as a Minotaur Hexslinger on July 7, 2023.
             Slain by Natasha (4 damage)
             ... on level 3 of the Dungeon.
             The game lasted 00:00:44 (2058 turns).

qw the Shooter (Minotaur Hexslinger)                Turns: 2058, Time: 00:00:45

Health: -1/36      AC:  5    Str: 13    XL:     4   Next: 64%
Magic:  4/4        EV: 11    Int: 10    God:
Gold:   152        SH:  0    Dex: 14    Spells: 4/5 levels left

rFire   . . .        Y - +1 sling
rCold   . . .        (no shield)
rNeg    . . .        e - +0 ring mail
rPois   .            (helmet restricted)
rElec   .            (no cloak)
rCorr   .            (no gloves)
SInv    .            (no boots)
Will    .....        (no amulet)
Stlth   +            (no ring)
HPRegen 0.26/turn    (no ring)
MPRegen 0.09/turn

%: no passive effects
@: slowed, very slow
A: horns 2, retaliatory headbutt
a: no special abilities


You were on level 3 of the Dungeon.
You visited 1 branch of the dungeon, and saw 3 of its levels.

You collected 152 gold pieces.


Innate Abilities, Weirdness & Mutations

You have a pair of horns on your head.
You reflexively headbutt those who attack you in melee.


   Skills:
 + Level 2.0 Fighting
 - Level 5.0 Ranged Weapons
 - Level 1.0 Armour
 - Level 2.1 Dodging
 - Level 1.0 Spellcasting
 - Level 2.0 Hexes


You had 4 spell levels left.
You knew the following spells:

 Your Spells              Type           Power      Damage    Failure   Level
a - Slow                  Hex            16%        N/A       32%         1

Your spell library contained the following spells:

 Spells                   Type           Power      Damage    Failure   Level
 Inner Flame              Hex/Fire       2%         N/A       82%         3
 Portal Projectile        Hex/Tloc       4%         N/A       82%         3
 Cause Fear               Hex            2%         N/A       97%         4

Inventory:

Hand Weapons
 Y - a +1 sling (weapon)
Armour
 e - a +0 ring mail (worn)
Scrolls
 b - a scroll of enchant weapon {unknown}
 k - a scroll of identify
Potions
 a - a potion of mutation
 c - a potion of attraction {unknown}
 h - a potion of curing
 i - a potion of brilliance
 l - a potion of might {unknown}

Dungeon Overview and Level Annotations

Branches:
Dungeon (3/15)

Altars:

Shops:
D:1 [

Annotations:
D:3 1 runed translucent door, 1 transporter, Crazy Yiuf; Natasha; qw's ghost, amateur GrHs


Message History

The sling bullet completely misses the orc.
The orc shouts!
The orc priest looks braver for a moment.
You shoot a sling bullet.
The sling bullet closely misses the orc.
The sling bullet hits Natasha.
Natasha is lightly wounded.
Natasha wildly gestures.
Natasha glows brightly for a moment.
An endoplasm comes into view.
You shoot a sling bullet.
The sling bullet closely misses the orc.
The endoplasm quivers.
The sling bullet hits Natasha.
Natasha is moderately wounded.
Natasha mumbles some strange words.
You shoot a sling bullet.
The sling bullet hits the orc but does no damage.
The orc drinks a potion.
The orc seems to speed up.
The orc barely misses you. The kobold barely misses you.
The orc barely misses you. You furiously retaliate!
You headbutt the orc. The kobold hits you but does no damage.
You shoot a sling bullet.
The sling bullet closely misses the orc.
Natasha casts a spell.
The orc hits you with a +0 whip. The kobold closely misses you.
The kobold barely misses you. You furiously retaliate!
You headbutt the kobold!
You kill the kobold!
The orc priest calls down the wrath of Beogh upon you.
Beogh smites you! The orc hits you with a +0 whip.
Natasha stares at you and mumbles some strange words.
The magic dart hits you!
You shoot a sling bullet. The sling bullet hits the orc.
The orc is heavily wounded.
Natasha claws you but does no damage. The orc hits you but does no damage. x2
The cerulean imp hits you from afar with a +0 spear.
The cerulean imp hits you with a +1 spear.
The orc priest barely misses you. The orc hits you but does no damage.
Natasha claws you.
You die...

#.... ....
.... ..## .##
...### ....
##5J.. ....
#...#ooh# ###.
#.#..o@# .8##.
#.####5# ...#.
#.# #.#
#.#..#.# #.#
##.#..#.####.#
.^
..W#.........#
..w
#.#..#.######
...##w#.....#
[....w#..#..#


You could see an orc priest, Natasha, 2 cerulean imps, 2 orcs and an endoplasm.

Vanquished Creatures
  Natasha (D:3)
  Robin (D:2)
  A gnoll (D:1)
  An adder (D:2)
  2 dart slugs
  3 orcs (D:3)
  A bat (D:1)
  4 endoplasms
  A giant cockroach (D:2)
  10 goblins
  5 hobgoblins
  8 kobolds
  2 quokkas
  3 ball pythons
  2 frilled lizards (D:2)
  3 rats
48 creatures vanquished.

Notes
Turn   | Place    | Note
-------+----------+-------------------------------------------
     0 | D:1      | qw the Minotaur Hexslinger began the quest for the Orb.
     0 | D:1      | Reached XP level 1. HP: 16/16 MP: 1/1
     0 | D:1      | 0 ||| qw: Version: 0.3-a-46-gb1f654a
     0 | D:1      | 0 ||| qw: Game counter: 2605
     0 | D:1      | 0 ||| qw: Melee chars always use a shield: true
     0 | D:1      | 0 ||| qw: God list: Okawaru
     0 | D:1      | 0 ||| qw: Allow faded altars: false
     0 | D:1      | 0 ||| qw: Do Orc after clearing Dungeon:15 true
     0 | D:1      | 0 ||| qw: Do second Lair branch before Depths: true
     0 | D:1      | 0 ||| qw: Lair rune preference: random
     0 | D:1      | 0 ||| qw: Goals: Normal
     0 | D:1      | 0 ||| PLANNING D:1-11
   141 | D:1      | Reached skill level 3 in Ranged Weapons
   141 | D:1      | Reached XP level 2. HP: 23/23 MP: 2/2
   185 | D:1      | Found a faded altar of an unknown god.
   546 | D:1      | 546 ||| FLEEEEING.
   547 | D:1      | 547 ||| FLEEEEING.
   548 | D:1      | 548 ||| FLEEEEING.
   549 | D:1      | 549 ||| FLEEEEING.
   550 | D:1      | 550 ||| FLEEEEING.
   551 | D:1      | 551 ||| FLEEEEING.
   552 | D:1      | 552 ||| FLEEEEING.
   553 | D:1      | 553 ||| FLEEEEING.
   554 | D:1      | 554 ||| FLEEEEING.
   555 | D:1      | 555 ||| FLEEEEING.
   556 | D:1      | 556 ||| FLEEEEING.
   557 | D:1      | 557 ||| FLEEEEING.
   558 | D:1      | 558 ||| FLEEEEING.
   559 | D:1      | 559 ||| FLEEEEING.
   560 | D:1      | 560 ||| FLEEEEING.
   561 | D:1      | 561 ||| FLEEEEING.
   656 | D:1      | Found Uzxiliff's Antique Armour Shoppe.
   662 | D:1      | 662 ||| SHOPLISTING ancient robe (131 gold, have 46).
   662 | D:1      | 662 ||| SHOPLISTING runed cloak (172 gold, have 46).
   662 | D:1      | 662 ||| SHOPLISTING shimmering leather armour (161 gold,
                  | have 46).
   874 | D:1      | 874 ||| UPGRADING to +0 ring mail.
   884 | D:1      | 884 ||| DROPPING +0 robe.
   885 | D:1      | 885 ||| READING scroll labelled ROFIUGRATA.
   886 | D:1      | 886 ||| READING 3 scrolls labelled DIQITZE NUDD.
   887 | D:1      | 887 ||| DRINKING 2 grey potions.
   992 | D:1      | 992 ||| READING 2 scrolls of identify.
   992 | D:1      | 992 ||| IDENTIFYING fuming pink potion
   993 | D:1      | 993 ||| DROPPING scroll of poison.
   994 | D:1      | 994 ||| DROPPING potion of degeneration.
   995 | D:1      | 995 ||| DROPPING potion of berserk rage.
  1030 | D:2      | Reached XP level 3. HP: 29/29 MP: 3/3
  1154 | D:2      | Noticed Robin
  1170 | D:2      | Killed Robin
  1171 | D:2      | Reached skill level 4 in Ranged Weapons
  1309 | D:2      | Reached skill level 1 in Armour
  1484 | D:2      | Reached XP level 4. HP: 36/36 MP: 4/4
  1673 | D:2      | 1673 ||| DRINKING 2 silvery potions.
  1674 | D:2      | 1674 ||| READING 3 scrolls of identify.
  1674 | D:2      | 1674 ||| IDENTIFYING bubbling puce potion
  1675 | D:2      | 1675 ||| READING 2 scrolls of identify.
  1675 | D:2      | 1675 ||| IDENTIFYING fizzy red potion
  1804 | D:3      | Noticed Natasha
  1817 | D:3      | HP: 6/36 [Natasha (4)]
  1818 | D:3      | 1818 ||| DRINKING potion of heal wounds.
  1820 | D:3      | Killed Natasha
  1821 | D:3      | Reached skill level 5 in Ranged Weapons
  1943 | D:3      | Found a runed translucent door.
  1944 | D:3      | Noticed Crazy Yiuf
  2022 | D:3      | Found a transporter.
  2022 | D:3      | Noticed qw's ghost (amateur GrHs)
  2051 | D:3      | Noticed Natasha
  2058 | D:3      | HP: 8/36 [cerulean imp/+0 spear[Natasha] (4)]
  2058 | D:3      | HP: 3/36 [cerulean imp/+1 spear[Natasha] (5)]
  2058 | D:3      | Slain by Natasha

Levels and vault maps discovered:
D:1:      saegor_arrival_simple_c, layout_loops_corners, basic_ecumenical_altar,
          serial_shops, shop, chequers_serial_rivers_small_a,
          minmay_three_crescents
D:2:      layout_loops_ring, uniq_robin
D:3:      layout_loops_ring, gammafunk_ghost_arena, uniq_natasha,
          uniq_crazy_yiuf_cottage

Skill      XL: |  1  2  3  4 |
---------------+-------------+-----
Ranged Weapons | 3 4 5 |  5.0
Fighting       | 2 |  2.0
Armour         | 1 |  1.0
Dodging        | |  2.1
Spellcasting   | |  1.0
Hexes          | |  2.0

Action                     |  1- 3 |  4- 6 || total
---------------------------+-------+-------++-------
   Fire: Sling             |   111 |    50 ||   161
    Use: Scroll            |     3 |     2 ||     5
         Potion            |     1 |     2 ||     3
 Armour: Robe              |     1 |       ||     1
         Ring mail         |    19 |    12 ||    31
  Dodge: Dodged            |    35 |    13 ||    48

Table legend:
 A = Non-vault XP
 B = Vault XP
 C = Vault XP percentage of total XP
 D = Non-vault monster count
 E = Vault monster count
 F = Vault count percentage of total count
                 A         B        C        D         E       F
            +---------+---------+-------+---------+---------+-------
      Total |      90 |      71 |  44.1 |      34 |      14 |  29.2
            +---------+---------+-------+---------+---------+-------
        D:1 |      30 |       9 |  23.1 |      10 |       6 |  37.5
        D:2 |      41 |      27 |  39.7 |      17 |       7 |  29.2
        D:3 |      19 |      35 |  64.8 |       7 |       1 |  12.5
            +---------+---------+-------+---------+---------+-------
